 Dungeon Crawl Stone Soup version 0.30-a0-1082-g70414cbcbb (webtiles) character file.

Game seed: 1813764782747970965

199 bande the Covered (level 5, 0/33 HPs)
             Began as a Gargoyle Fighter on Apr 16, 2023.
             Slain by an iguana (10 damage)
             ... on level 4 of the Dungeon.
             The game lasted 00:05:18 (2922 turns).

bande the Covered (Gargoyle Fighter)                Turns: 2922, Time: 00:05:19

Health: 0/33       AC: 11    Str: 20    XL:     5   Next: 77%
Magic:  5/5        EV:  9    Int:  8    God:
Gold:   138        SH:  5    Dex: 11    Spells: 4/4 levels left

rFire   . . .      SeeInvis .    a - +1 war axe (chaos)
rCold   . . .      Faith    .    c - +1 buckler
rNeg    + . .      Spirit   .    b - +0 scale mail
rPois   ∞          Reflect  .    (no helmet)
rElec   +          Rampage  .    (no cloak)
rCorr   .                        (no gloves)
Will    .....                    (no boots) Stlth
                                 (no amulet)
HPRegen 0.25/turn                (no ring)
MPRegen 0.09/turn                (no ring)

@: no status effects
A: sickness immunity, AC +4, negative energy resistance 1, electricity
resistance, torment resistance 1, petrification resistance
a: no special abilities


You were on level 4 of the Dungeon.
You visited 1 branch of the dungeon, and saw 4 of its levels.

You collected 242 gold pieces.
You spent 104 gold pieces at shops.

Inventory:

Hand Weapons
 a - a +1 war axe of chaos (weapon)
 f - a +0 flail
Armour
 b - a +0 scale mail (worn)
 c - a +1 buckler (worn)
Scrolls
 e - 4 scrolls of teleportation
 h - a scroll of blinking
 m - 3 scrolls of immolation
Potions
 d - a potion of might
 g - a potion of ambrosia
 i - a potion of magic
 j - a potion of invisibility
 l - a potion of curing


   Skills:
 + Level 4.0 Fighting
 + Level 3.7 Axes
 + Level 4.4 Armour
 + Level 3.9 Shields


You had 4 spell levels left.
You didn't know any spells.
Your spell library contained the following spells:

 Spells                   Type           Power      Damage    Failure   Level
 Petrify                  Tmut/Erth      0%         N/A       100%        4
 Irradiate                Conj/Tmut      0%         3d11      100%        5
 Sublimation of Blood     Necr           Unusable   N/A       N/A         2

Dungeon Overview and Level Annotations

Branches:
Dungeon (4/15)
 Temple: D:4-7

Altars:
Dithmenos
Gozag
Sif Muna
Vehumet

Shops:
D:1 =   D:4 =?


Innate Abilities, Weirdness & Mutations

You are immune to sickness and miasma.
Your stone body is resilient. (AC +4)
You are immune to poison.
You resist negative energy. (rN+)
You are resistant to electric shocks. (rElec)
You are resistant to unholy torment.
You are immune to petrification.


Message History

As you read the scroll labelled WYNEPO ONEU, it crumbles to dust.
It was a scroll of blinking.
As you read the scroll labelled ZIXZOW NEKHIAM, it crumbles to dust.
You assume a fearsome visage.
Nothing appears to happen.
It was a scroll of fear.
As you read the scroll of brand weapon, it crumbles to dust.
Your +1 war axe erupts in a glittering mayhem of colour.
a - a +1 war axe of chaos (weapon)
HP restored.
A white imp comes into view.
The white imp shouts, "Remove thy stench, thou venomed beetle-headed tiddler!"
A white imp is nearby!
An iguana and a dart slug come into view.
The iguana hisses angrily.
The white imp gestures at you. The puff of frost hits you!
Found 18 gold pieces.
A jelly comes into view.
A giant cockroach comes into view.
The jelly quivers.
You slash the iguana!
The iguana seems to grow stronger.
The iguana is heavily wounded.
The iguana bites you!
You are too injured to fight recklessly!
You are too injured to fight recklessly!
You are too injured to fight recklessly!
You are too injured to fight recklessly!
You are too injured to fight recklessly!
You are too injured to fight recklessly!
You are too injured to fight recklessly!
You are too injured to fight recklessly!
You are too injured to fight recklessly!
Unknown command.
You hit the iguana.
The iguana seems to speed up.
The iguana is severely wounded.
The iguana closely misses you. The white imp gestures at you.
The puff of frost hits you but does no damage.
The iguana bites you but does no damage.
The iguana bites you!
You die...

....# .####
#.........##.# '####
#.......#....##
....######.............$
........##.....B....J...
........##..............
.##.....##......5.......
.##.....##..............
.##.....##..^...@l.w....
.##.....##.......#......
.##.....##..†....# .....
..############'### ####
..### #..# ...[# ##.##
.##.# ###..########
.##.## ##...........#
.##..####..........).#


You could see an iguana (fast, strong), a jelly, a white imp, a dart slug and a
giant cockroach.

Vanquished Creatures
  A scorpion (D:4)
  An iguana (D:4)
  2 adders
  6 worms
  A dart slug (D:3)
  6 orcs
  5 bats
  6 endoplasms
  3 giant cockroaches
  6 goblins
  6 hobgoblins
  2 jackals (D:4)
  9 kobolds
  5 quokkas
  2 ball pythons (D:1)
  3 frilled lizards
  2 rats
66 creatures vanquished.

Notes
Turn   | Place    | Note
-------+----------+-------------------------------------------
     0 | D:1      | bande the Gargoyle Fighter began the quest for the Orb.
     0 | D:1      | Reached XP level 1. HP: 14/14 MP: 1/1
   110 | D:1      | Reached XP level 2. HP: 19/19 MP: 2/2
   304 | D:1      | Found Fesch's Jewellery Boutique.
   832 | D:2      | Reached XP level 3. HP: 14/23 MP: 3/3
  1381 | D:2      | Reached XP level 4. HP: 26/29 MP: 4/4
  1792 | D:3      | Found a radiant altar of Vehumet.
  1807 | D:3      | Found a shimmering blue altar of Sif Muna.
  2086 | D:3      | Found an opulent altar of Gozag.
  2354 | D:3      | Found a shadowy altar of Dithmenos.
  2603 | D:4      | Noticed a scorpion
  2611 | D:4      | Killed a scorpion
  2612 | D:4      | Reached XP level 5. HP: 28/33 MP: 5/5
  2739 | D:4      | Found Haogru's Jewellery Boutique.
  2865 | D:4      | Found Zoqoimub's Magic Scroll Shop.
  2882 | D:4      | Bought a scroll of brand weapon for 104 gold pieces
  2922 | D:4      | Slain by an iguana

Illustrated notes

Levels and vault maps discovered:
D:1:      ncdulo_halloftheorcs, layout_basic, serial_shops, nicolae_shop_stone
D:2:      layout_loops_cross, serial_glass, glass_columns_b, glass_columns_a,
          feat_on_display, feat_on_display, minmay_strange_pillars
D:3:      layout_basic, nicolae_vehumet_radiance, lemuel_tele_altar,
          nicolae_overflow_hidden_temple
D:4:      layout_basic, serial_shops, shop, minmay_shop_grid_forest

Skill      XL: |  1  2  3  4 |
---------------+-------------+-----
Axes           | 2 3 |  3.7
Armour         | 4 |  4.4
Fighting       | 4 |  4.0
Shields        | |  3.9

Action                     |  1- 3 |  4- 6 || total
---------------------------+-------+-------++-------
  Melee: War axe           |   106 |    88 ||   194
    Use: Scroll            |     9 |     6 ||    15
 Armour: Scale mail        |    52 |    41 ||    93
  Dodge: Dodged            |    38 |    31 ||    69
  Block: Buckler           |    21 |    18 ||    39

Table legend: (Time is in decaauts)
 A = Elapsed time spent in this place.
 B = Non-inter-level travel time spent in this place.
 C = Inter-level travel time spent in this place.
 D = Time resting spent in this place.
 E = Time spent auto-exploring this place.
 F = Levels seen in this place.
 G = Mean time per level.
                   A        B        C        D        E       F      G
               +--------+--------+--------+--------+--------+-----+--------+
         Total |   3001 |   2898 |    103 |    300 |   2067 |   4 |  750.2 |
       Dungeon |   3001 |   2898 |    103 |    300 |   2067 |   4 |  750.2 |
               +--------+--------+--------+--------+--------+-----+--------+

Top non-repeatable levels by time:
     D:3: 917 daAuts
     D:2: 853 daAuts
     D:1: 846 daAuts
     D:4: 382 daAuts
